 Dungeon Crawl Stone Soup version 0.17.0-23-g0de4337 (webtiles) character file.

63 tp1 the Conjurer (level 3, -7/19 HPs)
             Began as a Deep Elf Conjurer on Nov 14, 2015.
             Mangled by Sigmund
             ... wielding a +0 scythe
              (13 damage)
             ... on level 2 of the Dungeon.
             The game lasted 00:04:41 (1209 turns).

tp1 the Conjurer (Deep Elf Conjurer)                Turns: 1209, Time: 00:04:42

Health: -7/19      AC:  3    Str:  5    XL:     3   Next: 87%
Magic:  1/9        EV: 13    Int: 20    God:
Gold:   76         SH:  0    Dex: 15    Spells: 2 memorised, 5 levels left

rFire  . . .     SeeInvis .     p - +1 spear (flame)
rCold  . . .     Clarity  .     a - +0 robe
rNeg   . . .     SustAt   .     (no shield)
rPois  .         Gourm    .     (no helmet)
rElec  .         Spirit   .     j - +0 cloak
rCorr  .         Warding  .     (no gloves)
rMut   .         Stasis   .     (no boots)
MR     .....                    (no amulet)
Stlth  +.........               (no ring)
                                (no ring)

@: confused, not resistant to hostile enchantments, very unstealthy
A: no striking features
a: no special abilities


You were on level 2 of the Dungeon.
You were hungry.

You visited 1 branch of the dungeon, and saw 2 of its levels.

You collected 76 gold pieces.

Inventory:

Hand Weapons
 p - a +1 spear of flaming (weapon)
Armour
 a - a +0 robe (worn)
 j - a +0 cloak (worn)
Wands
 l - a wand of confusion (3)
Scrolls
 d - a scroll of random uselessness {unknown}
 e - 2 scrolls of identify {unknown}
 g - 4 scrolls of remove curse {unknown}
 i - a scroll of noise {unknown}
 k - a scroll of fear {unknown}
 o - a scroll of enchant weapon {unknown}
Potions
 f - a potion of mutation {unknown}
 m - a potion of invisibility {unknown}
 n - a potion of curing {unknown}
Books
 b - a book of Conjurations

   Spells                             Type                      Level
   a - Magic Dart                     Conjuration                  1
   b - Searing Ray                    Conjuration                  2
   c - Dazzling Spray                 Conjuration/Hexes            3
   d - Fulminant Prism                Conjuration/Hexes            4
   e - Iskenderun's Mystic Blast      Conjuration                  4
   f - Iskenderun's Battlesphere      Conjuration/Charms           5
Comestibles
 c - a bread ration
 h - 2 beef jerkies


   Skills:
 - Level 2.4 Dodging
 - Level 2.4 Stealth
 + Level 3.0 Spellcasting
 - Level 6.0 Conjurations


You had 5 spell levels left.
You knew the following spells:

 Your Spells              Type           Power        Failure   Level  Hunger
a - Magic Dart            Conj           ####         1%          1    None
b - Searing Ray           Conj           ####..       1%          2    ##.....


Dungeon Overview and Level Annotations

Branches:
Dungeon (2/15)

Altars:
Ru

Annotations:
D:2 Sigmund


Message History

Sigmund casts a spell.
Sigmund flickers and vanishes!
Deactivating autopickup; reactivate with Ctrl-A.
A hobgoblin comes into view. It is wielding a club.
The searing ray hits something.
Something hits you!
Ouch! That really hurt!
Casting: Searing Ray
Confirm with . or Enter, or press ? or * to list all spells.
You can't see any susceptible monsters within range! (Use Z to cast anyway.)
Casting: Searing Ray
Confirm with . or Enter, or press ? or * to list all spells.
Aiming: Searing Ray
Press: ? - help, Shift-Dir - straight line The searing ray hits something.
The hobgoblin shouts!
You hear some strange, mumbled words.
You are confused.
Something hits you!
Ouch! That really hurt!
You die...

#.##......# ###########
#.##......## #..........
#.##.......##############.
#..'......#....# #.
####...##.####.# #.
######.# #.# ## #.# #.#
#.# #.### #@# #...# #.#
###.# #.# #.# #g######.#
#........# +####........#
#........)....#
#.............#
#.............#


You could see a hobgoblin.

Vanquished Creatures
  4 gnolls (D:2)
  A giant gecko (D:1)
  5 goblins
  3 hobgoblins
  A ball python (D:2)
  4 bats
  2 giant cockroaches (D:2)
  A kobold (D:2)
  4 rats
25 creatures vanquished.

Notes
Turn   | Place    | Note
--------------------------------------------------------------
     0 | D:1      | tp1 the Deep Elf Conjurer began the quest for the Orb.
     0 | D:1      | Reached XP level 1. HP: 10/10 MP: 6/6
   422 | D:1      | Reached XP level 2. HP: 10/15 MP: 2/8
   426 | D:1      | Learned a level 2 spell: Searing Ray
   496 | D:1      | Reached skill level 5 in Conjurations
   848 | D:2      | Found a sacrificial altar of Ru.
   898 | D:2      | Reached XP level 3. HP: 19/19 MP: 5/9
  1013 | D:2      | Reached skill level 6 in Conjurations
  1196 | D:2      | Noticed Sigmund
  1209 | D:2      | Mangled by Sigmund

Action                   || total
-------------------------++-------
Melee: Spear             ||     9
       Unarmed           ||     1
 Cast: Magic Dart        ||    50
       Searing Ray       ||     3
Evoke: Wand              ||     2
